 Dungeon Crawl Stone Soup version 0.26.0-3-g156281e41b (webtiles) character file.

Game seed: 14407919343094289655

4 jackrogers the Chopper (level 1, 18/18 HPs)
             Began as a Minotaur Gladiator on Jan 10, 2021.
             Quit the game on level 1 of the Dungeon.
             The game lasted 00:00:50 (237 turns).

jackrogers the Chopper (Minotaur Gladiator)          Turns: 237, Time: 00:00:50

Health: 18/18      AC:  3    Str: 18    XL:     1   Next: 50%
Magic:  0/0        EV: 12    Int:  5    God:
Gold:   15         SH:  0    Dex: 11    Spells: 0/0 levels left

rFire    . . .     SeeInvis .   a - +0 war axe
rCold    . . .     Faith    .   (no shield)
rNeg     . . .     Spirit   .   b - +0 leather armour
rPois    .         Reflect  .   c - +0 hat
rElec    .         Harm     .   (no cloak)
rCorr    .         Rampage  .   (no gloves)
Will     .....                  (no boots)
Stlth    +.........             (no amulet)
HPRegen  0.06/turn              (no ring)
MPRegen  0.07/turn              (no ring)

@: no status effects
A: retaliatory headbutt, horns 2
a: no special abilities


You were on level 1 of the Dungeon.
You visited 1 branch of the dungeon, and saw 1 of its levels.

You collected 15 gold pieces.

Inventory:

Hand Weapons
 a - a +0 war axe (weapon)
Missiles
 d - 3 throwing nets {=f, !d}
Armour
 b - a +0 leather armour (worn)
 c - a +0 hat (worn)
Jewellery
 f - a +6 ring of strength {unknown}
   (You found it on level 1 of the Dungeon)
Scrolls
 e - a scroll of amnesia {unknown}
 i - a scroll of remove curse {unknown}
 j - a scroll of noise {unknown}
 k - 2 scrolls of teleportation {unknown}
Potions
 g - a potion of cancellation {unknown}
 h - a potion of flight {unknown}


   Skills:
 - Level 2.4 Fighting
 + Level 4.0 Axes
 - Level 2.0 Throwing
 - Level 3.2 Dodging


You couldn't memorise any spells.
You didn't know any spells.
Your spell library was empty.

Dungeon Overview and Level Annotations

Branches:
Dungeon (1/15)

Altars:


Innate Abilities, Weirdness & Mutations

You reflexively headbutt those who attack you in melee.
You have a pair of horns on your head.


Message History

Welcome, jackrogers the Minotaur Gladiator.
The bosom of this dungeon contains the awesome artefact, the Orb of Zot.
Press ? for a list of commands and other information.
Found a staircase leading out of the dungeon.
You open the door.
There is an open door here.
Found a stone staircase leading down.
Found a stone staircase leading down.
A rat comes into view.
A rat is nearby!
A rat is nearby!
You hit the rat.
You kill the rat!
No target in view!
No target in view!
You see here a rat corpse.
You open the door.
There is an open door here.
e - a scroll labelled TOUNYMYNEO
f - a runed silver ring A bat comes into view.
The bat hits you but does no damage. The bat barely misses you.
You miss the bat. Your headbutt misses the bat.
The bat hits you but does no damage. x2
You barely miss the bat. The bat barely misses you. The bat closely misses you.
You barely miss the bat. The bat hits you but does no damage. x2
You slash the bat!
You kill the bat!
No target in view!
No target in view!
You see here a bat corpse.
g - a pink potion A goblin comes into view.
The goblin shouts!
A goblin is nearby!
A goblin is nearby!
A goblin is nearby!
The goblin hits you but does no damage.
You barely miss the goblin. The goblin hits you. The goblin barely misses you.
You miss the goblin. The goblin barely misses you. You furiously retaliate!
You headbutt the goblin. You closely miss the goblin.
Your headbutt misses the goblin.
The goblin is severely wounded.
The goblin barely misses you. You furiously retaliate!
You headbutt the goblin!
You kill the goblin!
No target in view!
No target in view!
HP restored.
h - a fuming amethyst potion
i - a scroll labelled USAZEE BOIGRA
j - a scroll labelled FUXECATI XAUSOMUFU You now have 8 gold pieces.
You now have 15 gold pieces (gained 7).
As you open the door, it creaks loudly!
There is an open door here.
A rat comes into view.
A rat is nearby!
A rat is nearby!
A rat is nearby!
You barely miss the rat. The rat completely misses you.
The rat barely misses you.
You hit the rat.
You kill the rat!
Your Axes skill increases to level 4!
No target in view!
No target in view!
k - 2 scrolls labelled QUNOKK KEXZANA A rat comes into view.
A rat is nearby!
A rat is nearby!
A rat is nearby!
Saving game... please wait.
Welcome back, jackrogers the Minotaur Gladiator.
Press ? for a list of commands and other information.
Saving game... please wait.
Welcome back, jackrogers the Minotaur Gladiator.
Press ? for a list of commands and other information.
Saving game... please wait.
Options error: Bad channel -- pray (~/.crawlrc:5130) Options error: Bad channel -- food (~/.crawlrc:5133) Options error: Bad channel -- rotten_meat (~/.crawlrc:5150) Welcome back, jackrogers the Minotaur Gladiator.
Saving game... please wait.
Options error: Bad channel -- rotten_meat (~/.crawlrc:5146) Welcome back, jackrogers the Minotaur Gladiator.
Saving game... please wait.
Welcome back, jackrogers the Minotaur Gladiator.
Saving game... please wait.
Welcome back, jackrogers the Minotaur Gladiator.
Saving game... please wait.
Welcome back, jackrogers the Minotaur Gladiator.
Lua error: [string "/dgldir/rcfiles/crawl-0.26/jackrogers.rc"]:4615: attempt to call field 'res_statdrain' (a nil value) Clearing level map.
Lua error: [string "/dgldir/rcfiles/crawl-0.26/jackrogers.rc"]:4615: attempt to call field 'res_statdrain' (a nil value) Saving game... please wait.
Welcome back, jackrogers the Minotaur Gladiator.

#####.##......##.##..#.#.#...##..
### #.#..........##..#.#.#.#.##..
..###.#.###########..#.#.#.#.....
..'............. ...............#
..###.#.######.# .#.##.###.#...##
### #.#.# #.##.#........#..##≈
#.#.######.##.####.#####.##≈≈
##.#........##.#....#####.#≈≈≈
#............@...# #......#≈P.
#...............(# #......#≈≈≈
...................###......##≈≈
.................#...........##≈
.......##########...##........##
.......# ...##.........# #....##
r..##.......... ....
............... .. ............#


You could see a rat (asleep).

Vanquished Creatures
  A bat (D:1)
  A goblin (D:1)
  2 rats (D:1)
4 creatures vanquished.

Notes
Turn   | Place    | Note
-------+----------+-------------------------------------------
     0 | D:1      | jackrogers the Minotaur Gladiator began the quest for the
                  | Orb.
     0 | D:1      | Reached XP level 1. HP: 18/18 MP: 0/0
   223 | D:1      | Reached skill level 4 in Axes
   237 | D:1      | Quit the game

Illustrated notes

Levels and vault maps discovered:
D:1:      lightli_arrival_statuegarden, layout_basic

Skill      XL: |  1 |
---------------+----+-----
Axes           | 4 |  4.0
Fighting       | |  2.4
Throwing       | |  2.0
Dodging        | |  3.2

Action                   || total
-------------------------++-------
Melee: War axe           ||    10
Armor: Leather armour    ||     6
Dodge: Dodged            ||     8

Table legend: (Time is in decaauts)
 A = Elapsed time spent in this place.
 B = Non-inter-level travel time spent in this place.
 C = Inter-level travel time spent in this place.
 D = Time resting spent in this place.
 E = Time spent auto-exploring this place.
 F = Levels seen in this place.
 G = Mean time per level.
                   A        B        C        D        E       F      G
               +--------+--------+--------+--------+--------+-----+--------+
         Total |    240 |    240 |      0 |      0 |    205 |   1 |  240.0 |
       Dungeon |    240 |    240 |      0 |      0 |    205 |   1 |  240.0 |
               +--------+--------+--------+--------+--------+-----+--------+

Top non-repeatable levels by time:
     D:1: 240 daAuts

Table legend:
 A = Kills in this place as a percentage of kills in entire the game.
 B = Kills by you in this place as a percentage of kills by you in the entire game.
 C = Kills by friends in this place as a percentage of kills by friends in the entire game.
 D = Other kills in this place as a percentage of other kills in the entire game.
 E = Experience gained in this place as a percentage of experience gained in the entire game.
 F = Experience gained in this place divided by the number of levels of this place that you have seen.
                   A       B       C       D       E      F
               +-------+-------+-------+-------+-------+----------------------
         Total | 100.0 | 100.0 |   N/A |   N/A | 100.0 |   6.0
       Dungeon | 100.0 | 100.0 |   N/A |   N/A | 100.0 |   6.0
               +-------+-------+-------+-------+-------+----------------------
